AoeStats
← osaka717

Arena

510529083Analyzed
1v1 RM · 2d ago on Oct 1, 2026· 44m 26s· 2 players
Game mode
Random Map
Map size
Tiny (2 player)
Population
200
Speed
Normal
Resources
Standard
Victory
Conquest
Starting age
Dark Age
Ending age
Imperial Age
RankedLock teamsTeams togetherTeam positionsShared explorationLock speedFull tech treeHidden civsTurbo modeCheats
Victory
Defeat
🇷🇺 Franks · Russia
884
+37
🇨🇱 Ethiopians · Chile
886
-16
8==============D
11:33 Feudal Age
11:01 Loom
15:42 Castle Age
13:58 Double-Bit Axe
17:03 Wheelbarrow
16:45 Bow Saw
19:26 Padded Archer Armor
21:18 Gold Mining
30:20 Wheelbarrow
33:03 Imperial Age
32:12 Leather Archer Armor
32:11 Forging
31:53 Arson
32:08 Squires
32:57 Hand Cart
34:00 Cavalier
34:42 Husbandry
36:30 Scale Barding Armor
37:01 Iron Casting
38:08 Paladin
39:19 Conscription
44:02 Blast Furnace
43:32 Chain Barding Armor
osaka717
11:24 Feudal Age
17:05 Castle Age
15:10 Horse Collar
15:28 Double-Bit Axe
18:17 Fletching
19:12 Squires
18:34 Man-at-Arms
30:32 Imperial Age
29:17 Arson
30:13 Heavy Plow
30:29 Scale Mail Armor
30:40 Forging
38:12 Royal Heirs
44:07 Chain Mail Armor
Connection lost

Rejoining the realm…

Still unreachable

The connection could not be restored.

Session expired

The server has moved on; the page needs a fresh start.